 Dungeon Crawl Stone Soup version 0.21.0-3-g78d12a8 (webtiles) character file.

4547 Faca the Basher (level 10, -10/64 HPs)
             Began as a Gargoyle Fighter on Jan 13, 2018.
             Was an Initiate of the Shining One.
             Splashed by Maurice's acid (14 damage)
             ... on level 8 of the Dungeon.
             The game lasted 00:18:19 (8933 turns).

Faca the Basher (Gargoyle Fighter)                  Turns: 8933, Time: 00:18:20

Health: -10/64     AC: 16    Str: 19    XL:     10   Next: 40%
Magic:  10/10      EV:  6    Int: 10    God:    the Shining One [......]
Gold:   446        SH: 12    Dex: 12    Spells: 9/9 levels left

rFire    . . .     SeeInvis .   u - +3 flail (crush)
rCold    . . .     Gourm    .   c - +1 shield
rNeg     + . .     Faith    .   w - +0 chain mail
rPois    ∞         Spirit   .   A - +0 hat
rElec    +         Reflect  .   (no cloak)
rCorr    .         Harm     .   r - +0 pair of gloves
MR       +....                  g - +0 pair of boots
Stlth    ..........             (no amulet)
HPRegen  0.20/turn              (no ring)
MPRegen  0.12/turn              a - ring of protection from magic

@: corroded, glowing
A: negative energy resistance 1, electricity resistance, unbreathing,
petrification resistance, rot immunity, AC +7
a: Renounce Religion


You were on level 8 of the Dungeon.
You worshipped the Shining One.
The Shining One was noncommittal.
You were not hungry.

You visited 2 branches of the dungeon, and saw 9 of its levels.
You also visited: Sewer.

You collected 446 gold pieces.

Inventory:

Hand Weapons
 u - a +3 flail of crushing (weapon)
Armour
 c - a +1 shield (worn)
 g - a +0 pair of boots (worn)
 r - a +0 pair of gloves (worn)
 w - a +0 chain mail (worn)
 A - a +0 hat (worn)
Jewellery
 a - a ring of protection from magic (right hand)
 b - the ring "Kimoec" {+Blink Str+3 Dex-4 SInv}
   (You acquired it on level 5 of the Dungeon)

   [ring of strength]

   It affects your strength (+3).
   It affects your dexterity (-4).
   It lets you see invisible.
   It lets you blink.
Wands
 o - a wand of flame (41)
 z - a wand of disintegration (16)
Scrolls
 h - 3 scrolls of fog
 j - a scroll of random uselessness {unknown}
 s - a scroll of teleportation
 t - a scroll of blinking
 x - a scroll of remove curse
 y - 2 scrolls of enchant weapon
 B - a scroll of enchant armour
Potions
 d - a potion of might
 e - 4 potions of curing
 f - a potion of berserk rage
 i - 3 potions of lignification
 k - 3 potions of brilliance
 l - 3 potions of flight
 n - a potion of heal wounds
 q - a potion of agility
 v - a potion of ambrosia
Comestibles
 m - 11 rations


   Skills:
 + Level 8.0 Fighting
 * Level 9.7 Maces & Flails
 + Level 8.0 Armour
 + Level 8.0 Shields


You had 9 spell levels left.
You didn't know any spells.

Dungeon Overview and Level Annotations

Branches:
Dungeon (8/15)             Temple (1/1) D:4
   Lair: D:8-11

Altars:
Ashenzari
Cheibriados
Dithmenos
Elyvilon
Fedhas
Gozag
Hepliaklqana
Kikubaaqudgha
Makhleb
Nemelex Xobeh
Okawaru
Qazlal
Ru
Sif Muna
Trog
Uskayaw
Vehumet
Wu Jian
Xom
Yredelemnul
Zin
The Shining One
Beogh

Annotations:
D:8 Maurice


Innate Abilities, Weirdness & Mutations

You are resistant to torment.
Your stone body is resilient. (AC +7)
You are immune to poison.
You resist negative energy. (rN+)
You are resistant to electric shocks. (rElec)
You can survive without breathing.
You are immune to petrification.
You are immune to rotting.


Message History

Maurice is heavily wounded.
Maurice zaps a wand.
The bolt of acid hits you!
You are splashed with acid!
The acid burns!
It is a wand of acid (9).
You hit Maurice.
Maurice is heavily wounded.
You block Maurice's attack.
You sock Maurice!
Maurice is severely wounded.
Maurice hits you but does no damage.
You sock Maurice!
Maurice is almost dead.
Maurice hits you with a dagger.
Maurice steals your uncursed ring of flight!
Maurice puts on an uncursed ring of flight.
You hit Maurice.
Maurice is almost dead.
Maurice zaps a wand.
The bolt of acid hits you!
* * * LOW HITPOINT WARNING * * *
The acid corrodes you!
You are splashed with acid!
The acid burns!
You die...

#.# .. #.# ....# .. .....
#.##########
.....##..#.......####
...... #.#..........## ##
......##@(...........###≈
.......##@............##≈
.......#.h...............
.......@.##..............
.........###.............
........## #...........#≈
......... ##......(...#≈
......... #..........##
.........# ##........#


You could see Maurice and a howler monkey.

Vanquished Creatures
  Gastronok (D:8)
  Joseph (D:8)
  Prince Ribbit (D:7)
  A hungry ghost (D:7)
  A sky beast (D:6)
  2 centaurs (D:7)
  7 ogres
  2 bullfrogs
  2 scorpions (D:5)
  5 wights (D:6)
  2 crimson imps
  A bullfrog zombie (D:5)
  4 hounds
  An orc priest (D:8)
  A centaur skeleton (D:4)
  2 iguanas
  6 orc wizards
  7 worker ants
  A statue (D:6)
  3 hound skeletons
  11 gnolls
  5 adders
  A shadow imp (D:7)
  4 oozes (Sewer)
  3 adder zombies
  An adder skeleton (D:5)
  5 worms
  4 dart slugs
  7 leopard geckos
  22 orcs
  16 giant cockroaches
  6 goblins
  4 hobgoblins
  13 jackals
  8 kobolds
  2 quokkas
  15 bats
  10 frilled lizards
  A jackal skeleton (D:6)
  10 rats
199 creatures vanquished.

Notes
Turn   | Place    | Note
-------+----------+-------------------------------------------
     0 | D:1      | Faca the Gargoyle Fighter began the quest for the Orb.
     0 | D:1      | Reached XP level 1. HP: 14/14 MP: 1/1
   229 | D:1      | Reached XP level 2. HP: 9/19 MP: 2/2
   839 | D:1      | Reached XP level 3. HP: 23/23 MP: 3/3
  1402 | D:2      | Reached skill level 3 in Maces & Flails
  1474 | D:2      | Reached XP level 4. HP: 24/29 MP: 4/4
  1627 | D:2      | Found a hide-covered altar of Uskayaw.
  1633 | D:2      | Found a deep blue altar of Sif Muna.
  2167 | D:3      | Found an iron altar of Okawaru.
  2167 | D:3      | Noticed an ogre
  2171 | D:3      | HP: 1/29 [ogre/giant club (27)]
  2493 | D:3      | Killed an ogre
  2493 | D:3      | Reached XP level 5. HP: 14/33 MP: 5/5
  2733 | D:3      | Reached skill level 4 in Maces & Flails
  2807 | D:3      | Reached XP level 6. HP: 37/38 MP: 6/6
  3670 | D:4      | Reached XP level 7. HP: 44/44 MP: 7/7
  3927 | D:4      | Found a staircase to the Ecumenical Temple.
  3936 | Temple   | Entered the Ecumenical Temple
  4165 | D:4      | Found a burning altar of Makhleb.
  4270 | D:5      | Entered Level 5 of the Dungeon
  4322 | D:5      | Reached skill level 5 in Maces & Flails
  4351 | D:5      | Found a shattered altar of Ashenzari.
  4476 | D:5      | Reached skill level 5 in Fighting
  4476 | D:5      | Reached skill level 5 in Armour
  4536 | D:5      | Reached skill level 5 in Shields
  4860 | D:5      | Found a basalt altar of Yredelemnul.
  5026 | D:5      | Got a sheer robe
  5037 | D:5      | Identified the +1 robe of Sonapp {rN+} (You found it on level 5 of the Dungeon)
  5348 | D:5      | Identified a scroll of acquirement
  5349 | D:5      | Got a translucent pewter ring
  5351 | D:5      | Identified the ring "Kimoec" {+Blink Str+3 Dex-4 SInv} (You acquired it on level 5 of the Dungeon)
  5835 | D:6      | Found a sparkling altar of Nemelex Xobeh.
  5836 | D:6      | Found an opulent altar of Gozag.
  5856 | D:6      | Found a stormy altar of Qazlal.
  5874 | D:6      | Reached XP level 8. HP: 19/50 MP: 8/8
  5948 | D:6      | Reached skill level 6 in Maces & Flails
  6231 | D:6      | Found a glowing drain.
  6246 | Sewer    | Entered a sewer
  6753 | D:6      | Found an ornate altar of the Wu Jian Council.
  6997 | D:6      | Found a radiant altar of Vehumet.
  7132 | D:6      | Reached skill level 7 in Maces & Flails
  7637 | D:6      | Reached XP level 9. HP: 56/56 MP: 9/9
  7824 | D:7      | Found a glowing golden altar of the Shining One.
  7995 | D:7      | Found a basalt altar of Yredelemnul.
  7998 | D:7      | Noticed a profane servitor
  8005 | D:7      | Found a glowing golden altar of the Shining One.
  8007 | D:7      | Noticed an angel
  8012 | D:7      | Became a worshipper of the Shining One
  8109 | D:7      | Reached skill level 8 in Maces & Flails
  8133 | D:7      | Noticed Prince Ribbit
  8168 | D:7      | Killed Prince Ribbit
  8710 | D:8      | Noticed Joseph
  8737 | D:8      | Killed Joseph
  8780 | D:8      | Found a white marble altar of Elyvilon.
  8796 | D:8      | Found a roughly hewn altar of Beogh.
  8831 | D:8      | Noticed Gastronok
  8845 | D:8      | Killed Gastronok
  8845 | D:8      | Reached skill level 9 in Maces & Flails
  8845 | D:8      | Reached XP level 10. HP: 49/64 MP: 10/10
  8922 | D:8      | Noticed Maurice
  8933 | D:8      | Splashed by Maurice's acid

Skill      XL: |  1  2  3  4  5  6  7  8  9 |
---------------+----------------------------+-----
Maces & Flails | 3 4 5 7 9 |  9.7
Fighting       | 4 5 6 8 |  8.0
Armour         | 4 5 6 8 |  8.0
Shields        | 4 5 6 8 |  8.0

Action                   |  1- 3 |  4- 6 |  7- 9 | 10-12 || total
-------------------------+-------+-------+-------+-------++-------
Melee: Flail             |   181 |   201 |   433 |     6 ||   821
  Use: Scroll            |       |       |    20 |       ||    20
       Potion            |       |       |     2 |       ||     2
  Eat: Ration            |     1 |     1 |     4 |     1 ||     7
       Chunk             |       |     3 |     6 |       ||     9
Armor: Scale mail        |   126 |    87 |    34 |       ||   247
       Chain mail        |       |       |   165 |     1 ||   166
Dodge: Dodged            |    62 |    47 |    72 |       ||   181
Block: Shield            |   117 |    87 |   219 |     1 ||   424
